AoeStats
← Bill

African Clearing

510618414Analyzed
2v2 RM · 1d ago on Oct 1, 2026· 47m 34s· 4 players
Game mode
Random Map
Map size
Medium (4 player)
Population
200
Speed
Normal
Resources
Standard
Victory
Conquest
Starting age
Dark Age
Ending age
Imperial Age
RankedLock teamsTeams togetherTeam positionsShared explorationLock speedFull tech treeHidden civsTurbo modeCheats
Victory
Defeat
🇧🇷 Italians · Brazil
1320
+16
🇧🇷 Georgians · Brazil
1305
+17
🇧🇪 Persians · Belgium
1361
-18
🇧🇪 Vietnamese · Belgium
1288
-15
Bill
2:44 Loom
12:23 Feudal Age
16:29 Castle Age
14:18 Double-Bit Axe
14:50 Fletching
21:47 Padded Archer Armor
24:40 Bodkin Arrow
29:05 Horse Collar
34:39 Bow Saw
35:45 Leather Archer Armor
38:49 Imperial Age
37:55 Scale Barding Armor
38:04 Bloodlines
37:54 Husbandry
39:02 Chain Barding Armor
41:05 Bracer
43:29 Cavalier
45:54 Forging
46:22 Plate Barding Armor
47:18 Forging
Borborema
5:26 Loom
14:02 Feudal Age
14:54 Double-Bit Axe
15:07 Stone Mining
15:29 Fletching
24:20 Castle Age
28:24 Svan Towers
29:37 Guard Tower
32:12 Scale Barding Armor
32:18 Forging
35:27 Horse Collar
36:59 Bloodlines
44:20 Wheelbarrow
45:18 Chain Barding Armor
46:50 Bow Saw
46:32 Gold Mining
47:29 Husbandry
PAP.KingBug
6:11 Loom
12:12 Feudal Age
13:03 Double-Bit Axe
16:01 Forging
19:29 Horse Collar
20:24 Gold Mining
22:41 Bloodlines
24:48 Castle Age
23:49 Scale Barding Armor
24:50 Stone Mining
26:06 Bow Saw
41:31 Town Watch
46:18 Heavy Plow
14_lefabbe
4:08 Loom
13:41 Feudal Age
14:15 Double-Bit Axe
15:26 Wheelbarrow
21:00 Fletching
21:10 Padded Archer Armor
29:56 Castle Age
32:27 Castle Age
33:34 Bodkin Arrow
33:19 Crossbowman
38:13 Town Watch
39:11 Bow Saw
39:39 Horse Collar
42:45 Heavy Plow
43:01 Leather Archer Armor
43:18 Thumb Ring
43:50 Gold Mining
43:50 Stone Mining
Connection lost

Rejoining the realm…

Still unreachable

The connection could not be restored.

Session expired

The server has moved on; the page needs a fresh start.